 Dungeon Crawl Stone Soup version 0.28.0 (webtiles) character file.

Game seed: 161650377599697652

1438 Sharkman1231 the Sneak (level 8, -3/62 HPs)
             Began as a Demonspawn Delver on Feb 6, 2022.
             Slain by a meliai zombie (5 damage)
             ... on level 5 of the Dungeon.
             The game lasted 00:04:58 (5158 turns).

Sharkman1231 the Sneak (Demonspawn Delver)          Turns: 5158, Time: 00:04:59

Health: -3/62      AC:  7    Str: 12    XL:     8   Next: 45%
Magic:  8/8        EV: 14    Int: 18    God:
Gold:   124        SH:  0    Dex: 21    Spells: 7/7 levels left

rFire   . . .      SeeInvis .     - Unarmed
rCold   . . .      Faith    .   (no shield)
rNeg    + . .      Spirit   .   b - +0 leather armour
rPois   .          Reflect  .   (no helmet)
rElec   .          Harm     .   w - +1 cloak {Stlth+}
rCorr   .          Rampage  .   (no gloves)
Will    .....                   n - +1 pair of boots
Stlth   ++++++....              (no amulet)
HPRegen 0.20/turn               t - ring of positive energy
MPRegen 0.11/turn               e - +6 ring of intelligence

@: no status effects
A: claws 1, thin skeletal structure 2, demonic guardian 1
a: no special abilities


You were on level 5 of the Dungeon.
You visited 1 branch of the dungeon, and saw 5 of its levels.

You collected 124 gold pieces.

Inventory:

Hand Weapons
 a - a +2 dagger of venom
 l - a +0 falchion
Missiles
 x - 5 atropa-tipped darts (quivered)
Armour
 b - a +0 leather armour (worn)
 n - a +1 pair of boots (worn)
 w - a +1 cloak of stealth (worn)
Jewellery
 e - a +6 ring of intelligence (right claw)
 t - a ring of positive energy (left claw)
 v - a ring of magical power
Wands
 g - a wand of digging (3)
Scrolls
 c - a scroll of fog
 d - 2 scrolls of magic mapping
 h - 4 scrolls of vulnerability
 k - a scroll of teleportation
 m - 5 scrolls of identify {unknown}
 q - 2 scrolls of blinking {unknown}
 u - a scroll of torment {unknown}
 y - a scroll of immolation {unknown}
Potions
 f - a potion of haste
 i - a potion of heal wounds {unknown}
 j - a potion of cancellation {unknown}
 o - a potion of resistance {unknown}
 p - 3 potions of flight {unknown}
 r - a potion of ambrosia {unknown}
 s - a potion of degeneration {unknown}
 z - 2 potions of lignification {unknown}


   Skills:
 + Level 5.0 Fighting
 + Level 3.0(3.4) Short Blades
 - Level 2.4(3.1) Long Blades
 + Level 4.1 Dodging
 + Level 5.8 Stealth
 * Level 4.7 Unarmed Combat
 + Level 3.8 Evocations


You had 7 spell levels left.
You didn't know any spells.
Your spell library contained the following spells:

 Spells                   Type           Power      Damage    Failure   Level
 Confusing Touch          Hex            0%         N/A       63%         3
 Dazzling Flash           Conj/Hex       0%         N/A       63%         3
 Fulminant Prism          Conj/Hex       0%         3d6       95%         4
 Agony                    Necr           0%         N/A       100%        5
 Metabolic Englaciation   Hex/Ice        0%         N/A       100%        5
 Silence                  Hex/Air        0%         N/A       100%        5
 Yara's Violent Unravell  Hex/Tmut       0%         3d3       100%        5
 Enfeeble                 Hex            0%         N/A       100%        7


Dungeon Overview and Level Annotations

Branches:
Dungeon (5/15)
 Temple: D:4-7

Altars:
Cheibriados
Fedhas
Kikubaaqudgha
Qazlal
Zin

Shops:
D:3 *


Innate Abilities, Weirdness & Mutations

You have sharp fingernails.
You have a moderately thin skeletal structure. (Dex +4, Stealth++)
A weak demonic guardian rushes to your aid.


Message History

The meliai zombie barely misses you. The meliai zombie hits you.
You scratch the meliai zombie.
The meliai zombie is severely damaged.
The meliai zombie barely misses you. The meliai zombie hits you.
You barely miss the meliai zombie.
The meliai zombie is severely damaged.
The meliai zombie hits you.
The meliai zombie hits you but does no damage.
The meliai zombie hits you. x2
You scratch the meliai zombie.
The meliai zombie is severely damaged.
The meliai zombie barely misses you. The meliai zombie closely misses you.
The meliai zombie hits you but does no damage.
The meliai zombie hits you.
You are too injured to fight recklessly!
You scratch the meliai zombie.
The meliai zombie is almost destroyed.
The meliai zombie hits you.
* * * LOW HITPOINT WARNING * * *
The meliai zombie closely misses you.
Okay, then.
You barely miss the meliai zombie.
The meliai zombie is almost destroyed.
The meliai zombie hits you but does no damage.
The meliai zombie misses you. The meliai zombie barely misses you.
The meliai zombie closely misses you.
You closely miss the meliai zombie.
The meliai zombie is almost destroyed.
The meliai zombie barely misses you.
The meliai zombie completely misses you.
The meliai zombie hits you!
* * * LOW HITPOINT WARNING * * *
A demonic guardian appears!
The meliai zombie closely misses you.
Unknown command.
You scratch the meliai zombie.
The meliai zombie is almost destroyed.
The meliai zombie hits you!
* * * LOW HITPOINT WARNING * * *
The meliai zombie hits you.
You die...

#......##...# #.#.
##......##...# #≈#.
#........#...### #P#.
#...............######.
#.................##≈#.
#........#####....##.#.
#....5..#.≈.#....##b#.
#....Z..#b..#....####.
#....@..#l.≈#....# #.
#.......#####....# #.
#................# #.
#................####.
#........###.......#..
#..$.....# #..........
###......# #..........
#.####.# ####....... #.
#.######.##....


You could see a meliai zombie (ally target), a bat, a frilled lizard and a
friendly white imp (summoned).

Vanquished Creatures
  A black bear (D:4)
  2 ogres
  A phantom (D:4)
  A bullfrog (D:5)
  2 water moccasin zombies (D:5)
  A scorpion (D:4)
  10 killer bees (D:4)
  A jelly (D:4)
  Crazy Yiuf (D:3)
  An orc priest (D:4)
  Jessica (D:2)
  A scorpion zombie (D:5)
  Natasha (thrice) (D:3)
  An orc wizard (D:4)
  2 iguanas (D:5)
  A hound skeleton (D:4)
  4 adders
  2 adder skeletons (D:4)
  6 orcs
  3 bats (D:1)
  2 endoplasms
  5 giant cockroaches
  6 hobgoblins
  3 jackals (D:2)
  9 kobolds
  4 quokkas
  3 ball pythons
  5 frilled lizards
  5 goblins
  8 rats
95 creatures vanquished.

Vanquished Creatures (collateral kills)
  An orc (D:4)
1 creature vanquished.

Vanquished Creatures (others)
  7 fungi (D:5)
7 creatures vanquished.

Grand Total: 103 creatures vanquished

Notes
Turn   | Place    | Note
-------+----------+-------------------------------------------
     0 | D:5      | Sharkman1231 the Demonspawn Delver began the quest for the
                  | Orb.
     0 | D:5      | Reached XP level 1. HP: 18/18 MP: 1/1
    57 | D:4      | Noticed a killer bee
    57 | D:4      | Noticed a killer bee
   182 | D:4      | Gained mutation: You have a somewhat thin skeletal
                  | structure. (Dex +2, Stealth+) [demonic ancestry]
   182 | D:4      | Reached XP level 2. HP: 16/24 MP: 2/2
   711 | D:1      | Gained mutation: You have sharp fingernails. [demonic
                  | ancestry]
   711 | D:1      | Reached XP level 3. HP: 29/29 MP: 3/3
   732 | D:1      | Reached skill level 1 in Evocations
   757 | D:1      | Found a faded altar of an unknown god.
  1442 | D:2      | Noticed Jessica
  1449 | D:2      | Killed Jessica
  1450 | D:2      | Reached skill level 1 in Unarmed Combat
  1450 | D:2      | Gained mutation: You have a moderately thin skeletal
                  | structure. (Dex +4, Stealth++) [demonic ancestry]
  1450 | D:2      | Reached XP level 4. HP: 35/35 MP: 4/4
  1854 | D:3      | Found a runed translucent door.
  1856 | D:3      | Noticed Crazy Yiuf
  1863 | D:3      | Killed Crazy Yiuf
  1951 | D:3      | Noticed Natasha
  1956 | D:3      | Killed Natasha
  1957 | D:3      | Gained mutation: A weak demonic guardian rushes to your
                  | aid. [demonic ancestry]
  1957 | D:3      | Reached XP level 5. HP: 41/41 MP: 5/5
  1972 | D:3      | Found an ancient bone altar of Kikubaaqudgha.
  2086 | D:3      | Noticed an ogre
  2088 | D:3      | Killed an ogre
  2089 | D:3      | Reached skill level 1 in Short Blades
  2123 | D:3      | Noticed Natasha
  2200 | D:3      | Killed Natasha
  2294 | D:3      | Reached XP level 6. HP: 42/48 MP: 6/6
  2347 | D:3      | Found Nonnox's General Store.
  2923 | D:4      | Reached skill level 5 in Stealth
  3149 | D:3      | Noticed Natasha
  3157 | D:3      | Killed Natasha
  3306 | D:4      | Reached XP level 7. HP: 54/54 MP: 7/7
  3989 | D:4      | Reached XP level 8. HP: 33/61 MP: 8/8
  4575 | D:4      | Found a stormy altar of Qazlal.
  4578 | D:4      | Found a snail-covered altar of Cheibriados.
  4579 | D:4      | Found a blossoming altar of Fedhas.
  4893 | D:5      | Got the Guide on Curses
  5010 | D:5      | Reached skill level 5 in Fighting
  5158 | D:5      | HP: 2/62 [meliai zombie (8)]
  5158 | D:5      | Slain by a meliai zombie

Illustrated notes

Levels and vault maps discovered:
D:1:      dpeg_arrival_shrine, layout_loops_ring, basic_ecumenical_altar
D:2:      layout_rooms, nicolae_figureground_sparkle, uniq_jessica
D:3:      layout_loops_ring, mainiacjoe_overflow_boulevard, serial_shops, shop,
          uniq_natasha, uniq_crazy_yiuf_cottage
D:4:      minmay_recursive_quarters, layout_basic, minitemple
D:5:      minmay_evil_eye, layout_basic, serial_aquarium, aquarium_bridge_square
          [aquarium_subvault_bridge, aquarium_subvault_bridge,
          aquarium_subvault_wall, aquarium_subvault_bridge],
          aquarium_window_corridor_1, aquarium_window_1, aquarium_window_1,
          aquarium_window_corner, aquarium_view_2d, aquarium_pool_2

Skill      XL: |  1  2  3  4  5  6  7  8 |
---------------+-------------------------+-----
Long Blades    | 2 |  2.4
Dodging        | 2 3 4 |  4.1
Evocations     | 1 2 3 |  3.8
Unarmed Combat | 1 2 3 4 |  4.7
Short Blades   | 1 2 3 |  3.0
Fighting       | 4 5 |  5.0
Stealth        | 5 |  5.8

Action                   |  1- 3 |  4- 6 |  7- 9 || total
-------------------------+-------+-------+-------++-------
Melee: Falchion          |    49 |       |       ||    49
       Dagger            |    33 |   100 |   118 ||   251
       Punch             |     1 |     2 |     8 ||    11
       Unarmed           |       |       |    42 ||    42
  Use: Scroll            |     1 |     2 |     1 ||     4
       Potion            |       |       |     1 ||     1
 Stab: Sleeping          |    12 |    13 |     7 ||    32
Armor: Leather armour    |    14 |    38 |    38 ||    90
Dodge: Dodged            |    53 |    93 |   110 ||   256
